 Dungeon Crawl Stone Soup version 0.18-a0-1718-g40ea4b6 (webtiles) character file.

53 M4edhros the Stinger (level 3, -9/14 HPs)
             Began as a Felid Venom Mage on Apr 8, 2016.
             Killed by nerve-wracking pain
             ... invoked by an orc priest
              (12 damage)
             ... on level 3 of the Dungeon.
             The game lasted 00:04:09 (1224 turns).

M4edhros the Stinger (Felid Venom Mage)             Turns: 1224, Time: 00:04:09

Health: -9/14      AC:  1    Str:  4    XL:     3   Next: 62%
Magic:  2/7        EV: 20    Int: 16    God:
Gold:   32         SH:  0    Dex: 17    Spells: 1 memorised, 5 levels left
                                        Lives:  0   Deaths: 0

rFire  . . .     SeeInvis +     (weapon unavailable)
rCold  . . .     Gourm    .     (armour unavailable)
rNeg   . . .     Faith    .     (shield unavailable)
rPois  .         Spirit   .     (helmet unavailable)
rElec  .         Dismiss  .     (cloak unavailable)
rCorr  .         Reflect  .     (gloves unavailable)
SustAt .         Harm     .     (boots unavailable)
MR     .....                    (no amulet)
Stlth  +++.......               (no ring)
                                c - +2 ring of evasion

@: very slightly contaminated, quick, not resistant to hostile enchantments,
fairly stealthy
A: no armour, no weapons or thrown items, claws 1, fangs 3, see invisible,
carnivore 3, speed 1, shaggy fur 1, slow metabolism 1, sharp paws
a: no special abilities


You were on level 3 of the Dungeon.
You were completely stuffed.

You visited 1 branch of the dungeon, and saw 4 of its levels.

You collected 32 gold pieces.

Inventory:

Missiles
 i - 43 stones
 k - 25 sling bullets
Jewellery
 c - a +2 ring of evasion (left paw)
Scrolls
 d - a scroll of remove curse {unknown}
 e - 2 scrolls of identify {unknown}
Books
 a - a Young Poisoner's Handbook

   Spells                             Type                      Level
   a - Sting                          Conjuration/Poison           1
   b - Cure Poison                    Poison                       2
   c - Mephitic Cloud                 Conjuration/Poison/Air       3
   d - Olgreb's Toxic Radiance        Poison                       4
   e - Venom Bolt                     Conjuration/Poison           5
Comestibles
 b - a meat ration
 f - a beef jerky


   Skills:
 - Level 2.6 Dodging
 + Level 3.4 Stealth
 - Level 2.0 Spellcasting
 + Level 4.6 Poison Magic


You had 5 spell levels left.
You knew the following spells:

 Your Spells              Type           Power        Failure   Level  Hunger
a - Sting                 Conj/Pois      #...         10%         1    #......


Dungeon Overview and Level Annotations

Branches:
Dungeon (4/15)
 Temple: D:4-7

Altars:
Makhleb


Innate Abilities, Weirdness & Mutations

You cannot wear armour.
You are incapable of wielding weapons or throwing items.
You have sharp claws.
You have razor-sharp teeth.
You have supernaturally acute eyesight.
You are carnivorous and can eat meat at any time.
You cover ground quickly.
You are covered in fur (AC +1).
You have a slow metabolism.
Your sharp claws are effective at attacking unaware monsters.


Message History

The sting hits the orc priest.
The orc priest appears unharmed.
The orc priest is moderately wounded.
Casting: Sting
Confirm with . or Enter, or press ? or * to list all spells.
Aiming: Sting
Press: ? - help, Shift-Dir - straight line, f/p - orc priest
Aim: an orc priest, wielding a club and wearing a chain mail (moderately wounded)
The sting hits the orc priest.
The orc priest appears unharmed.
The orc priest is moderately wounded.
Casting: Sting
Confirm with . or Enter, or press ? or * to list all spells.
Aiming: Sting
Press: ? - help, Shift-Dir - straight line, f/p - orc priest
Aim: an orc priest, wielding a club and wearing a chain mail (moderately wounded)
The sting hits the orc priest.
The orc priest appears unharmed.
The orc priest is moderately wounded.
The orc priest mumbles some strange prayers to Beogh against you.
Pain shoots through your body!
Ouch! That really hurt!
You die...

#....[.#.#.#....#########
#........#.#......# #...#
.#........#.#..###.#####.# ##
..#+####..#.#..# #.#...#.# .#
#.#.# #.#..###.#.#.#.# .# #.#.#
#.#......#.#.#.# .# #.#.#
#..#o#.######.#.#.# .# #...#
#..#.#........#.#.# .######..#
#..#@##########.#.# .....##..#
#..#...........<#.# .....+...##
#.......###.#####.#
....†###..###.......+.........#
.....##.............###.#######
.....##.#..###......# #.#
..#####.#......##.### #.# #.#
#.#......##.#####.### #.#
#.#......##.#.......#


You could see an orc priest.

Vanquished Creatures
  2 adders (D:3)
  A dart slug (D:1)
  2 orcs
  6 bats
  A giant cockroach (D:1)
  3 goblins (D:1)
  7 hobgoblins
  2 giant newts
  3 kobolds
  2 rats (D:1)
29 creatures vanquished.

Notes
Turn   | Place    | Note
--------------------------------------------------------------
     0 | D:1      | M4edhros the Felid Venom Mage began the quest for the Orb.
     0 | D:1      | Reached XP level 1. HP: 7/7 MP: 4/4
   163 | D:1      | Reached skill level 4 in Poison Magic
   195 | D:1      | Reached XP level 2. HP: 3/11 MP: 1/6
   886 | D:3      | Reached XP level 3. HP: 14/14 MP: 3/7
  1172 | D:3      | Found a burning altar of Makhleb.
  1172 | D:3      | Noticed a blizzard demon
  1224 | D:3      | Killed from afar by an orc priest

Vault maps used:
D:1:      wheals_arrival_linesprint, minmay_hedge_maze
D:2:      ecumenical_altar_1, minmay_gold_behind_fungi, grunt_ministairs_3,
          uniq_iyjb
D:3:      first_bread, makhleb_altar_promises_db
D:4:      overflow_temple_1_default, temple_pool_b, uniq_blork_the_orc,
          uniq_duvessa

Skill      XL: |  1  2 |
---------------+-------+-----
Poison Magic   | 4 |  4.6
Stealth        | 3 |  3.4
Dodging        | |  2.6
Spellcasting   | |  2.0

Action                   || total
-------------------------++-------
Melee: Unarmed           ||    66
 Cast: Sting             ||    49
  Use: Potion            ||     2
 Stab: Sleeping          ||     3
  Eat: Chunk             ||     9
